 Dungeon Crawl Stone Soup version 0.31-a0-1321-g5021b54 (webtiles) character file.

Game seed: 7106349569340123355

979 Meow the Conjurer (level 8, -7/68 HPs)
             Began as a Naga Conjurer on Dec 20, 2023.
             Was an Initiate of Gozag.
             Shot with an arrow by a centaur (16 damage)
             ... on level 6 of the Dungeon.
             The game lasted 00:11:19 (4631 turns).

Meow the Conjurer (Naga Conjurer)                   Turns: 4631, Time: 00:11:20

Health: -7/68      AC:  5    Str: 10    XL:     8   Next: 17%
Magic:  25/25      EV: 10    Int: 21    God:    Gozag
Gold:   173        SH:  0    Dex: 12    Spells: 7/18 levels left

rFire   . . .        a - +1 whip of the Maze {heavy, *Rage rC+ MP+9 Dex+3}
rCold   + . .        (no shield)
rNeg    . . .        c - +0 robe
rPois   +            (no helmet)
rElec   .            B - +0 cloak
rCorr   .            k - +0 pair of gloves
SInv    +            (no barding)
Will    +....        j - amulet of magic regeneration
Stlth   ++           (no ring)
HPRegen 0.31/turn    (no ring)
MPRegen 0.59/turn

%: random rage (20%)
@: very slow
A: AC +2, large, see invisible, deformed body, poison resistance, slowness 2,
spit poison 1, naga tail 1
a: Spit Poison, Renounce Religion, Potion Petition, Call Merchant, Bribe Branch


You were on level 6 of the Dungeon.
You worshipped Gozag.
Gozag was aware of your devotion.
You visited 2 branches of the dungeon, and saw 7 of its levels.

You collected 261 gold pieces.
You paid 88 gold pieces to Gozag.

Inventory:

Hand Weapons
 a - the +1 whip of the Maze (weapon) {heavy, *Rage rC+ MP+9 Dex+3}
   (You took it off a goblin on level 2 of the Dungeon)

   Dex+3:     It affects your dexterity (+3).
   rC+:       It protects you from cold.
   MP+9:      It affects your magic capacity (+9).
   *Rage:     It berserks you when you make melee attacks (+20% chance).
 g - a +0 whip
 s - a +2 flail of protection
Missiles
 t - 13 stones
Armour
 c - a +0 robe (worn)
 k - a +0 pair of gloves (worn)
 B - a +0 cloak (worn)
Jewellery
 i - a ring of ice
 j - an amulet of magic regeneration (around neck)
Scrolls
 d - a scroll of vulnerability
 e - 3 scrolls of teleportation
 f - a scroll of fear
 h - a scroll of blinking {unknown}
 l - a scroll of enchant weapon {unknown}
 u - a scroll of fog {unknown}
 v - a scroll of immolation {unknown}
 w - a scroll of enchant armour {unknown}
 y - a scroll of acquirement {unknown}
 z - 6 scrolls of identify {unknown}
Potions
 b - a potion of magic
 m - 2 potions of berserk rage {unknown}
 n - 2 potions of might {unknown}
 o - a potion of ambrosia {unknown}
 p - 3 potions of brilliance {unknown}
 q - a potion of enlightenment {unknown}
 r - 2 potions of curing {unknown}
 x - a potion of degeneration {unknown}
 A - a potion of heal wounds {unknown}
 C - a potion of mutation {unknown}


   Skills:
 + Level 2.6 Fighting
 - Level 1.5 Dodging
 - Level 3.0 Stealth
 + Level 5.6 Spellcasting
 + Level 7.6 Conjurations


You had 7 spell levels left.
You knew the following spells:

 Your Spells              Type           Power      Damage    Failure   Level
a - Magic Dart            Conj           100%       1d8       1%          1
b - Searing Ray           Conj           74%        2d7       1%          2
B - Iskenderun's Mystic   Conj/Tloc      21%        2d6       22%         4
F - Fulminant Prism       Conj/Alch      10%        3d9       22%         4

Your spell library contained the following spells:

 Spells                   Type           Power      Damage    Failure   Level
 Foxfire                  Conj/Fire      84%        2x1d8     2%          1
 Starburst                Conj/Fire      10%        6d5       97%         6
 Plasma Beam              Fire/Air       2%         2x1d12    100%        6


Dungeon Overview and Level Annotations

Branches:
Dungeon (6/15)             Temple (1/1) D:6

Altars:
Ashenzari
Cheibriados
Gozag
Hepliaklqana
Kikubaaqudgha
Nemelex Xobeh
Okawaru
Qazlal
Ru
Sif Muna
Trog
Uskayaw
Wu Jian
Yredelemnul
Zin
The Shining One


Innate Abilities, Weirdness & Mutations

Your serpentine skin is tough. (AC +2)
You have supernaturally acute eyesight. (SInv)
Armour fits poorly on your strangely shaped body.
Your system is resistant to poisons. (rPois)
You cover ground very slowly.
You can spit poison.
You have a snake-like lower body.


Message History

Aiming: Fulminant Prism (dangerous; 22% risk of failure)
Press: ? - help, Dir - move target, p - centaur Out of range.
Okay, then.
You start resting.
HP restored.
The centaur shoots an arrow.
The arrow barely misses you.
The centaur shoots an arrow.
The arrow hits you!
Found 6 stones.
The centaur shoots an arrow.
The arrow hits you!
The centaur shoots an arrow.
The arrow hits you.
The centaur shoots an arrow.
The arrow hits you!
The centaur shoots an arrow.
The arrow closely misses you.
The centaur shoots an arrow.
The arrow hits you but does no damage.
You start resting.
HP restored.
Found 7 stones.
Found 12 gold pieces.
The centaur shouts!
The centaur wields a +0 orcbow.
The centaur shoots an arrow.
The arrow hits you!
The centaur shoots an arrow.
The arrow hits you but does no damage.
The centaur shoots an arrow.
The arrow hits you!
The centaur shoots an arrow.
The arrow hits you!
The centaur shoots an arrow.
The arrow hits you!
* * * LOW HITPOINT WARNING * * *
The centaur shoots an arrow.
The arrow completely misses you.
The centaur shoots an arrow.
The arrow barely misses you.
The centaur shoots an arrow.
The arrow hits you but does no damage.
The centaur shoots an arrow.
The arrow closely misses you.
Are you sure you want to abandon this character and quit the game? (Confirm with "yes".)
Okay, then.
The centaur shoots an arrow.
The arrow hits you!
* * * LOW HITPOINT WARNING * * *
The centaur shoots an arrow.
The arrow hits you but does no damage.
The centaur shoots an arrow.
The arrow hits you.
* * * LOW HITPOINT WARNING * * *
The centaur shoots an arrow.
The arrow closely misses you.
The centaur shoots an arrow.
The arrow hits you!
You die...
Your body crumbles into a pile of gold.

... ... #..... ... #....
... #..(. ... ##+#####....
#####....#.....######
...#.....#.....#....+
...#.....# #..#..$.#
...#.....##≈#...@...#...
...#.....##≈#..#........
...#...>.##≈#..#..........
...#.......≈...#..........
#####..+#..~...#......≈≈##
...%.......~...#......≈c.(
...♣.♣....###..#......≈≈##
....>..........#..........
...♣.♣.........####.......


You could see a centaur.

Vanquished Creatures
  An ice beast (D:5)
  A black bear (D:5)
  An ogre (D:5)
  3 scorpions
  2 jellies (D:6)
  2 orc priests (D:4)
  3 hounds (D:5)
  A sleepcap (D:6)
  3 iguanas
  An orc wizard (D:4)
  A gnoll (D:1)
  6 adders
  A white imp (D:5)
  4 worms
  3 dart slugs
  11 orcs
  4 bats
  7 endoplasms
  4 giant cockroaches
  8 goblins
  8 hobgoblins
  5 quokkas
  8 ball pythons
  4 frilled lizards
  11 kobolds
  6 rats
109 creatures vanquished.

Vanquished Creatures (others)
  2 fulminant prisms (D:6)
2 creatures vanquished.

Grand Total: 111 creatures vanquished

Notes
Turn   | Place    | Note
-------+----------+-------------------------------------------
     0 | D:1      | Meow the Naga Conjurer began the quest for the Orb.
     0 | D:1      | Reached XP level 1. HP: 15/15 MP: 3/3
   270 | D:1      | Reached XP level 2. HP: 22/22 MP: 1/5
   274 | D:1      | Learned a level 2 spell: Searing Ray
   654 | D:1      | Reached XP level 3. HP: 28/28 MP: 2/7
  1553 | D:2      | Reached XP level 4. HP: 36/36 MP: 5/8
  1558 | D:2      | Learned a level 4 spell: Iskenderun's Mystic Blast
  1728 | D:2      | Identified the +1 whip of the Maze {heavy, *Rage rC+ MP+9
                  | Dex+3}
  2043 | D:3      | Reached skill level 5 in Conjurations
  2448 | D:3      | Found a stormy altar of Qazlal.
  2605 | D:3      | Reached XP level 5. HP: 42/42 MP: 10/10
  2786 | D:5      | Entered Level 5 of the Dungeon
  2833 | D:5      | Noticed a black bear
  2887 | D:5      | Reached XP level 6. HP: 49/49 MP: 12/12
  2900 | D:5      | Killed a black bear
  2901 | D:5      | Reached skill level 6 in Conjurations
  2919 | D:5      | Identified the orb "Rarilath" {*channel, rC+ Str+5 Int-4
                  | Stlth+}
  2990 | D:5      | Learned a level 4 spell: Fulminant Prism
  3008 | D:5      | Identified the +0 chain mail of Circular Logic {^Contam
                  | rPois rC++ rN+}
  3098 | D:5      | Reached XP level 7. HP: 55/55 MP: 14/14
  3237 | D:5      | Reached skill level 5 in Spellcasting
  3596 | D:4      | Reached skill level 7 in Conjurations
  3800 | D:4      | Reached skill level 1 in Fighting
  4171 | D:6      | Found a sparkling altar of Nemelex Xobeh.
  4221 | D:6      | Reached XP level 8. HP: 67/67 MP: 16/16
  4418 | D:6      | Found a staircase to the Ecumenical Temple.
  4427 | Temple   | Entered the Ecumenical Temple
  4453 | Temple   | Became a worshipper of Gozag Ym Sagoz the Greedy
  4631 | D:6      | Shot with an arrow by a centaur

Illustrated notes

Levels and vault maps discovered:
D:1:      evilmike_arrival_fibonacci_small, layout_basic
D:2:      layout_basic
D:3:      minmay_chambers_of_threes, layout_rooms, amcnicky_altar_gilded,
          serial_bayou, serial_bayou_crossing, serial_bayou_pond_e,
          serial_bayou_shore_a, serial_bayou_pond_c
D:4:      layout_gridville
D:5:      layout_basic
D:6:      layout_gridville, general_overflow_altar, minmay_temple_entry_trees,
          serial_rivers, chequers_serial_rivers_micro_c,
          chequers_serial_rivers_micro_b, chequers_serial_rivers_micro_b,
          chequers_serial_rivers_micro_b, kb_lookout_dungeons_type
Temple:   compressed_dpeg_circular_temple

Skill      XL: |  1  2  3  4  5  6  7 |
---------------+----------------------+-----
Spellcasting   | 3 4 5 |  5.6
Conjurations   | 5 6 7 |  7.6
Fighting       | 2 |  2.6
Dodging        | |  1.5
Stealth        | |  3.0

Action                     |  1- 3 |  4- 6 |  7- 9 || total
---------------------------+-------+-------+-------++-------
   Cast: Magic Dart        |    31 |    21 |    20 ||    72
         Searing Ray       |     8 |    23 |    28 ||    59
         Fulminant Prism   |       |       |     2 ||     2
Ability: Spit Poison       |    21 |    26 |    17 ||    64
    Use: Scroll            |       |     3 |       ||     3
 Armour: Robe              |     5 |     6 |    35 ||    46
  Dodge: Dodged            |     8 |     3 |    21 ||    32

Table legend: (Time is in decaauts)
 A = Elapsed time spent in this place.
 B = Non-inter-level travel time spent in this place.
 C = Inter-level travel time spent in this place.
 D = Time resting spent in this place.
 E = Time spent auto-exploring this place.
 F = Levels seen in this place.
 G = Mean time per level.
                   A        B        C        D        E       F      G
               +--------+--------+--------+--------+--------+-----+--------+
         Total |   6052 |   5854 |    198 |    605 |   4393 |   7 |  864.6 |
       Dungeon |   6002 |   5816 |    186 |    605 |   4393 |   6 | 1000.3 |
        Temple |     50 |     38 |     12 |      0 |      0 |   1 |   50.0 |
               +--------+--------+--------+--------+--------+-----+--------+

Top non-repeatable levels by time:
     D:1: 1657 daAuts
     D:5: 1046 daAuts
     D:3: 1026 daAuts
     D:2: 893 daAuts
     D:4: 818 daAuts
     D:6: 560 daAuts
  Temple: 50 daAuts
